 Dungeon Crawl Stone Soup version 0.29-a0-231-g945431f764 (webtiles) character file.

Game seed: 1792448077795115232

107238 imambug the Alchemist (level 16, -15/226 HPs)
             Began as a Naga Transmuter on Feb 28, 2022.
             Was the Champion of Cheibriados.
             Demolished by a death knight
             ... wielding a +1 glaive
              (20 damage)
             ... on level 15 of the Dungeon.
             The game lasted 00:52:29 (24660 turns).

imambug the Alchemist (Naga Transmuter)            Turns: 24660, Time: 00:52:30

Health: -15/226    AC: 20    Str: 45    XL:     16   Next: 46%
Magic:  28/29      EV: 10    Int: 31    God:    Cheibriados [******]
Gold:   2387       SH:  0    Dex: 28    Spells: 14/34 levels left

rFire   + + +      SeeInvis +     - Unarmed
rCold   x . .      Faith    .   (shield currently unavailable)
rNeg    . . .      Spirit   .   (body armour currently unavailable)
rPois   +          Reflect  .   (helmet currently unavailable)
rElec   .          Harm     .   (cloak currently unavailable)
rCorr   .          Rampage  .   (gloves currently unavailable)
Will    ++...                   (no barding)
Stlth   +++++.....              P - amulet "Feroam" {RegenMP Fly rF+ Regen+ Str+3}
HPRegen 1.27/turn               c - +4 ring of protection
MPRegen 0.61/turn               u - +4 ring of protection

@: dragon-form, corroded, flying, very slow
A: dragon claw, dragon scales, breathe fire, flying, boosted hp, AC +5, giant,
see invisible, (deformed body), (poison resistance), (slowness 2), spit poison
1, (naga tail 2)
a: Spit Poison, Breathe Fire, End Transformation, Renounce Religion, Bend Time,
Temporal Distortion, Slouch, Step From Time


You were on level 15 of the Dungeon.
You worshipped Cheibriados.
Cheibriados was exalted by your worship.
You were a fearsome dragon!
You visited 3 branches of the dungeon, and saw 22 of its levels.
You also visited: Gauntlet and Volcano.

You collected 3150 gold pieces.
You spent 763 gold pieces at shops.

Inventory:

Hand Weapons
 U - the +4 rapier of the Mind (melded) {vorpal, Drain +Blink Dex+4}
   (You found it on level 12 of the Dungeon)

   It inflicts extra damage upon your enemies.
   Dex:       It affects your dexterity (+4).
   +Blink:    It lets you blink.
   Drain:     It drains your maximum health when unequipped.
Missiles
 l - 5 curare-tipped darts
 J - a throwing net
 X - 6 silver javelins
Armour
 h - a +1 buckler of reflection (melded)
 o - the +0 pair of gloves of Gozag, Inviting (melded) {Int+3}
   (You acquired it on level 2 of the Lair of Beasts)

   Int:       It affects your intelligence (+3).
 A - a scarf of harm
 D - a +0 barding (melded)
 N - a scarf of shadows (melded)
 Q - a +0 troll leather armour (melded)
Jewellery
 c - a +4 ring of protection (left foreclaw)
 u - a +4 ring of protection (right foreclaw)
 E - an amulet of the acrobat
 H - an amulet of reflection
 P - the amulet "Feroam" (around neck) {RegenMP Fly rF+ Regen+ Str+3}
   (You bought it in a shop on level 4 of the Dungeon)

   [amulet of magic regeneration]

   It increases your rate of magic regeneration.
   Str:       It affects your strength (+3).
   rF:        It protects you from fire.
   Fly:       It grants you flight.
   Regen:     It increases your rate of health regeneration.
Wands
 b - a wand of polymorph (8)
 v - a wand of charming (21)
 x - a wand of flame (20)
 y - a wand of digging (20)
 G - a wand of mindburst (20)
 K - a wand of paralysis (19)
 W - a wand of acid (9)
 Y - a wand of iceblast (21)
Scrolls
 a - a scroll of torment
 d - 3 scrolls of enchant weapon
 e - a scroll of identify
 g - 4 scrolls of fog
 j - 4 scrolls of amnesia
 k - 2 scrolls of blinking
 n - a scroll of magic mapping
 q - 3 scrolls of enchant armour
 B - 5 scrolls of teleportation
 C - 2 scrolls of immolation
 F - 2 scrolls of summoning
 I - 2 scrolls of holy word
 S - 4 scrolls of fear
Potions
 f - a potion of mutation
 i - 2 potions of cancellation
 m - a potion of magic
 p - 4 potions of attraction
 r - 4 potions of heal wounds
 s - a potion of flight
 t - 8 potions of curing
 w - 4 potions of brilliance
 z - 2 potions of resistance
 L - a potion of lignification
 M - a potion of degeneration
 R - 9 potions of ambrosia
 T - a potion of invisibility
 Z - 2 potions of berserk rage
Miscellaneous
 O - a phial of floods
 V - a condenser vane


   Skills:
 - Level 11.4 Fighting
 + Level 1.2 Armour
 + Level 3.5 Dodging
 - Level 11.1 Stealth
 - Level 5.1 Shields
 + Level 14.2 Unarmed Combat
 - Level 9.6 Spellcasting
 + Level 15.5 Transmutations
 - Level 4.0 Poison Magic
 - Level 7.1 Invocations
 - Level 7.2 Evocations


You had 14 spell levels left.
You knew the following spells:

 Your Spells              Type           Power      Damage    Failure   Level
a - Beastly Appendage     Tmut           100%       N/A       0%          1
b - Spider Form           Tmut/Pois      66%        N/A       1%          3
c - Blade Hands           Tmut           42%        N/A       1%          5
d - Dragon Form           Tmut           42%        N/A       4%          7
e - Ice Form              Ice/Tmut       58%        N/A       1%          4

Your spell library contained the following spells:

 Spells                   Type           Power      Damage    Failure   Level
 Wereblood                Tmut           84%        N/A       0%          2
 Ignite Poison            Fire/Tmut/Pois 53%        N/A       1%          3
 Animate Skeleton         Necr           28%        N/A       3%          1
 Magic Dart               Conj           56%        1d5       3%          1
 Pain                     Necr           56%        1d6       3%          1
 Irradiate                Conj/Tmut      29%        3d23      3%          5
 Call Imp                 Summ           14%        N/A       5%          2
 Mephitic Cloud           Conj/Pois/Air  23%        N/A       6%          3
 Eringya's Noxious Bog    Tmut/Pois      33%        N/A       10%         6
 Frozen Ramparts          Ice            28%        1d4       11%         3
 Gell's Gravitas          Tloc           14%        N/A       11%         3
 Inner Flame              Hex/Fire       14%        N/A       11%         3
 Teleport Other           Tloc           14%        N/A       11%         3
 Vampiric Draining        Necr           14%        2d7       11%         3
 Cause Fear               Hex            7%         N/A       34%         4
 Flame Wave               Conj/Fire      14%        2d6       34%         4
 Summon Ice Beast         Ice/Summ       14%        N/A       34%         4
 Fireball                 Conj/Fire      7%         3d5       67%         5
 Iskenderun's Battlesphe  Conj           14%        2d7       67%         5
 Summon Forest            Summ/Tloc      7%         N/A       67%         5
 Conjure Ball Lightning   Conj/Air       7%         3x3d6     99%         6
 Dispersal                Tloc           7%         N/A       99%         6
 Iron Shot                Conj/Erth      7%         9d2       99%         6
 Orb of Destruction       Conj           7%         9d6       100%        7
 Spellforged Servitor     Conj/Summ      7%         N/A       100%        7
 Summon Hydra             Summ           7%         N/A       100%        7
 Discord                  Hex            7%         N/A       100%        8


Dungeon Overview and Level Annotations

Branches:
Dungeon (15/15)            Temple (0/1) D:4            Lair (6/6) D:8
  Swamp (0/4) Lair:2       Spider (0/4) Lair:3        Slime (0/5) Lair:6
    Orc (1/2) D:12         Vaults (0/5) D:14        Volcano (visited)
Gauntlet (visited)
 Depths: D:15

Altars:
Cheibriados
Dithmenos
Fedhas
Hepliaklqana
Okawaru
Ru
Sif Muna
Trog
Uskayaw
Wu Jian
Xom
Yredelemnul
The Shining One
Jiyva

Shops:
D:2 =?[   D:4 =   D:10 (

Annotations:
D:5 1 runed translucent door


Innate Abilities, Weirdness & Mutations

You are a fearsome dragon!
You have a powerful clawing attack.
Your giant scaled body is strong and resiliant, but less evasive.
You can breathe fire.
You are flying.
Your maximum health is greatly increased.
Your armour is entirely melded.
You are incapable of wielding weapons or throwing items.
((Your serpentine skin is tough. (AC +5)))
You have supernaturally acute eyesight. (SInv)
((Armour fits poorly on your strangely shaped body.))
((Your system is resistant to poisons. (rPois)))
((You cover ground very slowly.))
You can spit poison.
((You can use your snake-like lower body to constrict enemies.))


Message History

The brown ugly thing headbutts you but does no damage.
The red ugly thing tentacle-slaps you but does no damage.
The freezing wraith closely misses you. The freezing wraith misses you.
Your Armour skill increases to level 1!
You bite the freezing wraith!!
You tail-slap the freezing wraith, but do no damage.
You bite the freezing wraith!
You destroy the freezing wraith!
Cheibriados appreciates the change of pace.
The death knight hits you but does no damage.
The brown ugly thing headbutts you but does no damage.
The red ugly thing tentacle-slaps you.
You are engulfed in flames.
You resist.
The death knight hits you but does no damage.
The brown ugly thing headbutts you.
* * * LOW HITPOINT WARNING * * *
The acid corrodes you!
You are splashed with acid.
* * * LOW HITPOINT WARNING * * *
Unknown command.
You maul the red ugly thing!!!!
You kill the red ugly thing!
Cheibriados thoroughly appreciates the change of pace.
The death knight hits you from afar with a +1 glaive!
* * * LOW HITPOINT WARNING * * *
The brown ugly thing headbutts you but does no damage.
Unknown command.
You maul the brown ugly thing!!!
You kill the brown ugly thing!
Cheibriados thoroughly appreciates the change of pace.
The death knight's dark mirror aura disappears.
The death knight hits you from afar with a +1 glaive!
* * * LOW HITPOINT WARNING * * *
Unknown command.
You feel yourself speed up.
The death knight invokes the aid of Yredelemnul against you.
Your body is wracked with pain!
* * * LOW HITPOINT WARNING * * *
The death knight hits you with a +1 glaive!
* * * LOW HITPOINT WARNING * * *
The death knight hits you with a +1 glaive!!
You die...

#...#####'#.
##...........
####............
#...............
#.....####......
##.....# #......
.. # ##......#
###....
....#'#.......#
#....
......pD......#
#....
..............#
#....
.......††.....#
+....
..............#
+....
.######.......#
#.... #.........
......
#.........
......
#'##''####
##..## .. ...
#..


You could see a death knight.

Vanquished Creatures
  A very ugly thing (D:15)
  5 dire elephants (Lair:6)
  A minotaur (Gauntlet)
  4 vault guards (D:14)
  A boulder beetle (D:15)
  12 hydras
  Harold (D:9)
  2 catoblepae
  2 centaur warriors (D:14)
  4 two-headed ogres
  3 tengu warriors (D:14)
  A hell hog (Volcano)
  16 death yaks
  Nergalle (Lair:1)
  Sonja (Lair:5)
  A spectral death yak (Lair:6)
  4 skeletal warriors (D:15)
  A spectral anaconda (Lair:6)
  A fire crab (Volcano)
  2 obsidian statues
  4 necromancers (Lair:6)
  2 deep elf pyromancers
  25 ugly things
  A salamander (shapeshifter) (D:14)
  3 manticores
  A cyclops (D:13)
  20 elephants
  4 black mambas
  A dire elephant zombie (Lair:6)
  A smoke demon (Gauntlet)
  15 cane toads
  2 gargoyles
  A molten gargoyle (Volcano)
  2 torpor snails
  4 freezing wraiths (D:15)
  3 kobold demonologists (D:9)
  A dire elephant skeleton (Lair:6)
  10 komodo dragons
  5 rime drakes
  A komodo dragon (shapeshifter) (D:14)
  2 tengu conjurers (D:13)
  A red devil (Gauntlet)
  3 polar bears
  2 queen bees
  4 meliai
  Prince Ribbit (D:5)
  2 trolls (D:12)
  13 slime creatures
  7 dream sheep (Lair:6)
  A spectral elephant (Lair:6)
  13 blink frogs
  2 wraiths
  9 wyverns
  62 yaks
  A steam dragon (Volcano)
  5 fire bats (Volcano)
  2 basilisks
  3 humans (D:9)
  4 vampire mosquitoes
  3 spectral cane toads (Lair:6)
  2 swamp worms (Lair:2)
  3 acid dragons
  12 water moccasins
  4 hell hounds
  7 black bears
  An elephant zombie (Lair:6)
  3 ice beasts
  7 orc warriors
  A sky beast (D:7)
  3 ogres
  7 centaurs
  27 wolves
  A kobold brigand (D:7)
  13 bullfrogs
  9 scorpions (D:5)
  A gnoll sergeant (D:10)
  3 wights (D:8)
  39 killer bees
  6 howler monkeys
  3 electric eels
  4 crimson imps (Gauntlet)
  7 lava snakes (Volcano)
  7 centaur zombies (D:9)
  13 orc priests
  2 hounds
  2 jellies
  An iron imp (D:3)
  5 iguanas
  15 orc wizards
  Terence (D:2)
  2 howler monkey zombies (D:9)
  13 gnolls
  2 adders
  2 white imps
  An ufetubus (D:4)
  A worm (D:5)
  2 dart slugs
  66 orcs
  4 endoplasms
  9 giant cockroaches
  8 goblins
  6 hobgoblins
  7 jackals (D:1)
  A quokka (D:5)
  4 ball pythons
  10 bats
  5 frilled lizards
  7 kobolds
  4 rats
  A butterfly (D:5)
  A withered plant (Lair:6)
675 creatures vanquished.

Vanquished Creatures (others)
  A black bear (D:6)
  An orc priest (D:6)
  An orc (D:6)
  23 fungi
  50 plants
  27 withered plants
103 creatures vanquished.

Grand Total: 778 creatures vanquished

Notes
Turn   | Place    | Note
-------+----------+-------------------------------------------
     0 | D:1      | imambug the Naga Transmuter began the quest for the Orb.
     0 | D:1      | Reached XP level 1. HP: 18/18 MP: 3/3
   187 | D:1      | Reached skill level 1 in Stealth
   501 | D:1      | Found a faded altar of an unknown god.
   514 | D:1      | Reached XP level 2. HP: 18/25 MP: 3/5
  1195 | D:1      | Reached XP level 3. HP: 13/31 MP: 6/6
  1223 | D:1      | HP: 1/31 [hobgoblin (3)]
  1665 | D:1      | Learned a level 3 spell: Spider Form
  2266 | D:2      | Found Jaicwo's Antique Armour Boutique.
  2406 | D:2      | Found a shadowy altar of Dithmenos.
  2428 | D:2      | Found Pumeash's Jewellery Emporium.
  2443 | D:2      | Reached skill level 3 in Transmutations
  2599 | D:2      | Found Uduxkug's Magic Scroll Boutique.
  2803 | D:2      | Noticed Terence
  2815 | D:2      | Killed Terence
  2816 | D:2      | Reached skill level 1 in Poison Magic
  2816 | D:2      | Reached XP level 4. HP: 23/38 MP: 4/7
  3532 | D:3      | Reached XP level 5. HP: 39/44 MP: 8/8
  3689 | D:3      | Found a bloodstained altar of Trog.
  3744 | D:3      | Found an iron altar of Okawaru.
  3941 | D:3      | Found a sacrificial altar of Ru.
  4018 | D:2      | Bought a glowing buckler for 187 gold pieces
  4075 | D:3      | Reached skill level 4 in Transmutations
  4090 | D:3      | Reached XP level 6. HP: 51/51 MP: 9/9
  4090 | D:3      | Found a snail-covered altar of Cheibriados.
  4103 | D:3      | Became a worshipper of Cheibriados the Contemplative
  4342 | D:3      | Found a shimmering blue altar of Sif Muna.
  4617 | D:4      | Found Xops's Jewellery Emporium.
  4773 | D:4      | Found a hazy altar of Hepliaklqana.
  4791 | D:4      | Found a shimmering altar of Xom.
  5040 | D:4      | Found a staircase to the Ecumenical Temple.
  5366 | D:5      | Entered Level 5 of the Dungeon
  5367 | D:5      | Noticed a two-headed ogre
  5373 | D:5      | Found a hide-covered altar of Uskayaw.
  5481 | D:5      | Reached XP level 7. HP: 57/57 MP: 10/10
  5665 | D:5      | Reached skill level 5 in Stealth
  5665 | D:5      | Reached skill level 5 in Transmutations
  6034 | D:5      | Killed a two-headed ogre
  6035 | D:5      | Reached skill level 5 in Unarmed Combat
  6035 | D:5      | Reached skill level 7 in Transmutations
  6035 | D:5      | Reached XP level 8. HP: 33/64 MP: 11/11
  6348 | D:5      | Found a runed translucent door.
  6350 | D:5      | Found a runed translucent door.
  6484 | D:5      | Noticed Prince Ribbit
  6508 | D:5      | Killed Prince Ribbit
  6682 | D:5      | Found a blossoming altar of Fedhas.
  7026 | D:6      | Reached XP level 9. HP: 38/70 MP: 12/12
  7205 | D:6      | Reached skill level 8 in Transmutations
  7386 | D:6      | Reached * piety under Cheibriados
  8776 | D:7      | Learned a level 5 spell: Blade Hands
  8967 | D:7      | Reached skill level 9 in Transmutations
  9132 | D:7      | Reached ** piety under Cheibriados
  9609 | D:8      | Reached skill level 10 in Stealth
  9733 | D:8      | Reached XP level 10. HP: 78/78 MP: 9/13
  9753 | D:8      | Reached skill level 10 in Transmutations
 10097 | D:8      | Reached *** piety under Cheibriados
 10410 | D:8      | Found a staircase to the Lair.
 10624 | D:8      | Reached skill level 1 in Invocations
 10915 | D:9      | Found a basalt altar of Yredelemnul.
 10969 | D:9      | Noticed a kobold demonologist
 10969 | D:9      | Noticed a kobold demonologist
 10971 | D:9      | Noticed a kobold demonologist
 10972 | D:9      | Noticed an orange demon
 10976 | D:9      | Killed a kobold demonologist
 10979 | D:9      | Killed a kobold demonologist
 10982 | D:9      | Killed a kobold demonologist
 10983 | D:9      | Reached skill level 11 in Transmutations
 10987 | D:9      | Reached **** piety under Cheibriados
 11207 | D:9      | Noticed a two-headed ogre
 11256 | D:9      | Killed a two-headed ogre
 11257 | D:9      | Reached XP level 11. HP: 59/90 MP: 12/14
 11559 | D:9      | Noticed Harold
 11569 | D:9      | Noticed a two-headed ogre
 11570 | D:9      | Killed Harold
 11738 | D:9      | Killed a two-headed ogre
 11900 | D:9      | Reached skill level 1 in Shields
 12287 | D:10     | Entered Level 10 of the Dungeon
 12463 | D:10     | Found Kiblagiq's Weapon Emporium.
 12499 | D:10     | Identified the ring of Wagik {rPois SInv}
 12507 | D:10     | Found a shadowy altar of Dithmenos.
 12515 | D:10     | Noticed a two-headed ogre
 12520 | D:10     | Killed a two-headed ogre
 12668 | D:10     | Found a glowing golden altar of the Shining One.
 13195 | D:10     | Found an ornate altar of the Wu Jian Council.
 13827 | D:11     | Reached skill level 5 in Shields
 14402 | D:4      | Bought the amulet "Feroam" {RegenMP Fly rF+ Regen+ Str+3}
                  | for 576 gold pieces
 14786 | D:12     | Noticed a cyan ugly thing
 14789 | D:12     | Killed a cyan ugly thing
 14868 | D:12     | Noticed a seven-headed hydra
 14880 | D:12     | Found a staircase to the Orcish Mines.
 14895 | D:12     | Reached ***** piety under Cheibriados
 14898 | D:12     | Killed a seven-headed hydra
 14899 | D:12     | Reached skill level 5 in Invocations
 14899 | D:12     | Reached XP level 12. HP: 64/99 MP: 6/16
 15027 | D:12     | Reached skill level 10 in Unarmed Combat
 15171 | D:12     | Reached skill level 5 in Fighting
 15194 | D:12     | Identified the +4 rapier of the Mind {vorpal, Drain +Blink
                  | Dex+4}
 15579 | Orc:1    | Entered Level 1 of the Orcish Mines
 15611 | Orc:1    | Reached skill level 1 in Evocations
 15975 | Lair:1   | Entered Level 1 of the Lair of Beasts
 15989 | Lair:1   | Noticed a six-headed hydra
 16186 | Lair:1   | Reached skill level 5 in Evocations
 16307 | Lair:1   | Noticed Nergalle
 16321 | Lair:1   | Killed Nergalle
 16433 | Lair:1   | Killed a six-headed hydra
 16614 | Lair:2   | Identified a scroll of acquirement
 16617 | Lair:2   | Acquired the +0 pair of gloves of Gozag, Inviting {Int+3}
 16643 | Lair:2   | Gained mutation: You can use your snake-like lower body to
                  | constrict enemies. [Naga growth]
 16643 | Lair:2   | Reached XP level 13. HP: 38/109 MP: 19/19
 16797 | Lair:2   | Found a gate leading to a gauntlet.
 16807 | Lair:2   | Reached skill level 12 in Transmutations
 16822 | Gauntlet | Entered a Gauntlet
 16822 | Gauntlet | Found a transporter.
 16825 | Gauntlet | Found a transporter.
 16827 | Gauntlet | Found a transporter.
 16843 | Gauntlet | Found a transporter.
 16844 | Gauntlet | Found a transporter.
 16854 | Gauntlet | Found a transporter.
 16869 | Gauntlet | Found a transporter.
 16879 | Gauntlet | Found a transporter.
 16883 | Gauntlet | Found a transporter.
 16887 | Gauntlet | Found a transporter.
 16895 | Gauntlet | Found a transporter.
 16933 | Gauntlet | Found a runed translucent gate.
 16934 | Gauntlet | Found a transporter.
 16934 | Gauntlet | Found a runed translucent gate.
 16935 | Gauntlet | Found a runed translucent gate.
 16948 | Gauntlet | Found a transporter.
 16959 | Gauntlet | Found a transporter.
 17122 | Gauntlet | Noticed a minotaur
 17130 | Gauntlet | Killed a minotaur
 17138 | Gauntlet | Got the Catalogue of the Arsonist
 17184 | Gauntlet | Acquired 1040 gold pieces
 17195 | Gauntlet | Learned a level 7 spell: Dragon Form
 17402 | Lair:2   | Found a staircase to the Swamp.
 18100 | Lair:3   | Reached ****** piety under Cheibriados
 18302 | Lair:3   | Found a hole to the Spider Nest.
 18847 | Lair:4   | Reached skill level 5 in Spellcasting
 19026 | Lair:4   | Reached skill level 13 in Transmutations
 19080 | Lair:4   | Reached XP level 14. HP: 123/123 MP: 21/21
 19723 | Lair:4   | You are sucked into a shaft and drop 2 floors!
 19723 | Lair:6   | Entered Level 6 of the Lair of Beasts
 19816 | Lair:6   | Found a viscous altar of Jiyva.
 19817 | Lair:6   | Found a staircase to the Slime Pits.
 19912 | Lair:6   | Found a dark tunnel.
 19922 | Volcano  | Entered a volcano
 20064 | Volcano  | Found a bloodstained altar of Trog.
 20257 | Lair:5   | Noticed Sonja
 20263 | Lair:5   | Killed Sonja
 20868 | Lair:5   | Reached skill level 14 in Transmutations
 20877 | Lair:5   | Reached XP level 15. HP: 135/135 MP: 26/26
 21129 | Lair:5   | Learned a level 4 spell: Ice Form
 21858 | Lair:6   | Reached skill level 10 in Fighting
 23100 | D:13     | Found a glowing golden altar of the Shining One.
 23635 | D:14     | Found a gate to the Vaults.
 23653 | D:14     | Reached skill level 15 in Transmutations
 23660 | D:14     | Reached XP level 16. HP: 137/148 MP: 26/29
 24450 | D:15     | Entered Level 15 of the Dungeon
 24657 | D:15     | Reached skill level 1 in Armour
 24660 | D:15     | HP: 5/226 [death knight/+1 glaive (16)]
 24660 | D:15     | Demolished by a death knight

Illustrated notes

Levels and vault maps discovered:
D:1:      amcnicky_arrival_choice, layout_rooms,
          chequers_ecumenical_altar_simple
D:2:      layout_loops_ring, basic_altar, serial_shops,
          nicolae_shop_statue_plus, shop, nicolae_lakefront_shop,
          glass_columns_b, uniq_crazy_yiuf_cottage, uniq_terence
D:3:      layout_basic, mainiacjoe_overflow_alcove_2,
          mainiacjoe_overflow_surrounded_room, lemuel_blue_sif_altar,
          slow_altar_1, lemuel_doored_altar
D:4:      layout_basic, brannock_xom_greatest_gift,
          worldfamousw_hep_ancestral_shrine, minmay_temple_entry_mini_moons,
          serial_shops, shop_fountains, minivault_11
D:5:      lemuel_insect_pit, layout_loops_ring, fedhas_altar_3,
          eat_drink_and_be_merry_uskayaw, kennysheep_decorative_pillar,
          uniq_prince_ribbit1
D:6:      lemuel_ice_spiral_2, layout_basic, hangedman_decor_clover_reticule,
          kennysheep_small_spiral
D:7:      layout_rooms
D:8:      layout_gridville, minmay_lair_entry_grove
D:9:      layout_grid_maze, nicolae_yredelemnul_corpse_copse,
          chequers_serial_rivers_micro_c, minmay_ruffians, uniq_harold
D:10:     layout_loops_ring, nzn_wu_jian_contemplation,
          mainiacjoe_overflow_cross_hatched, mainiacjoe_overflow_paths,
          serial_shops, shop
D:11:     layout_basic, hangedman_abyss_or_decor_passed,
          minmay_misc_feat_pillars
D:12:     layout_roguey [special_room_bee], hiddenorc2_lemuel
D:13:     layout_irregular_city, nicolae_tso_carved_into_rock
D:14:     layout_roguey, lightli_vaults_fourway_checkpoint,
          nicolae_water_bricks, kennysheep_nondescript
D:15:     gammafunk_enter_depths_forms, layout_irregular_city,
          minmay_misc_feat_diagonals, serial_shops, shop, shop
Lair:1:   layout_gridlike, serial_bayou_shore_a, uniq_nergalle
Lair:2:   layout_hall_layers, nicolae_swamp_entry_splash_gauntlet,
          gauntlet_entry_generic, special_room
Lair:3:   layout_cellular_growth, hellmonk_spider_entry_not_the_bees,
          beast_lair_carwin_6, grunt_megastairs_2
Lair:4:   nzn_winding_woodlands_cross [nzn_winding_woodlands_5x15_lazy_stream,
          nzn_winding_woodlands_5x15_jagged,
          nzn_winding_woodlands_5x15_sawtooth,
          nzn_winding_woodlands_5x15_crooked,
          nzn_winding_woodlands_15x15_killbox], layout_layer_cave,
          nicolae_lair_grove_arrangements
Lair:5:   layout_hall_layers, uniq_sonja
Lair:6:   due_jungle_book, layout_cave_pods, dpeg_slime_entry_enclosed_altar,
          enter_volcano_3
Orc:1:    layout_diamond_mine

Skill      XL: |  1  2  3  4  5  6  7  8  9 10 11 12 13 14 15 16 |
---------------+-------------------------------------------------+-----
Stealth        | 1 2 3 4 7 8 10 11 | 11.1
Transmutations | 3 4 7 9 11 13 14 15 | 15.5
Poison Magic   | 1 2 3 4 |  4.0
Unarmed Combat | 4 5 6 7 9 10 11 12 13 14 | 14.2
Invocations    | 3 5 7 |  7.1
Fighting       | 3 4 5 7 9 10 11 | 11.4
Shields        | 5 |  5.1
Spellcasting   | 4 5 7 9 |  9.6
Evocations     | 7 |  7.2
Dodging        | 3 |  3.5
Armour         | 1 |  1.2

Action                   |  1- 3 |  4- 6 |  7- 9 | 10-12 | 13-15 | 16-18 || total
-------------------------+-------+-------+-------+-------+-------+-------++-------
Melee: Unarmed           |   111 |    74 |   175 |   309 |   434 |    68 ||  1171
       Headbutt          |    15 |       |       |     1 |       |       ||    16
       Punch             |     7 |     1 |     5 |    23 |    25 |     8 ||    69
       Dagger            |    55 |    60 |    58 |    50 |       |       ||   223
       Rapier            |       |       |       |    16 |    60 |     1 ||    77
       Constrict         |       |       |       |       |    67 |       ||    67
       Tailslap          |       |       |       |       |    50 |    14 ||    64
       Bite              |       |       |       |       |    36 |     7 ||    43
 Cast: Beastly Appendage |    14 |       |       |     3 |       |       ||    17
       Spider Form       |     2 |    11 |    21 |     1 |       |       ||    35
       Blade Hands       |       |       |     9 |    50 |    19 |       ||    78
       Dragon Form       |       |       |       |       |    26 |     4 ||    30
Invok: Slouch            |       |       |       |     5 |     5 |     1 ||    11
 Abil: Spit Poison       |     6 |     6 |     2 |     2 |     4 |     1 ||    21
       Evoke Blink       |       |       |       |     2 |     1 |       ||     3
       Breathe Fire      |       |       |       |       |     2 |       ||     2
Evoke: Wand              |       |       |       |    10 |     1 |       ||    11
  Use: Potion            |     2 |     3 |     2 |     2 |       |       ||     9
       Scroll            |     2 |    11 |       |    10 |     5 |     2 ||    30
 Stab: Sleeping          |     2 |     5 |     7 |    21 |    28 |     2 ||    65
       Distracted        |       |       |     1 |     1 |     4 |       ||     6
       Petrifying        |       |       |       |       |     1 |       ||     1
Armor: Robe              |    45 |    30 |    96 |   135 |       |       ||   306
       Skin              |     5 |    13 |    29 |     3 |   221 |    35 ||   306
       Troll leather arm |       |       |       |   123 |   163 |       ||   286
Dodge: Dodged            |   142 |   100 |   254 |   184 |   255 |    27 ||   962
Block: Other             |       |       |       |    19 |       |       ||    19
       Buckler           |       |       |       |    15 |    41 |     1 ||    57
       Reflection        |       |       |       |     1 |       |       ||     1

Table legend: (Time is in decaauts)
 A = Elapsed time spent in this place.
 B = Non-inter-level travel time spent in this place.
 C = Inter-level travel time spent in this place.
 D = Time resting spent in this place.
 E = Time spent auto-exploring this place.
 F = Levels seen in this place.
 G = Mean time per level.
                   A        B        C        D        E       F      G
               +--------+--------+--------+--------+--------+-----+--------+
         Total |  44493 |  41021 |   3472 |   2172 |  30246 |  24 | 1853.9 |
       Dungeon |  28321 |  25701 |   2620 |   2066 |  19318 |  15 | 1888.1 |
          Lair |  14458 |  13653 |    805 |     69 |  10591 |   6 | 2409.7 |
  Orcish Mines |    440 |    394 |     46 |      0 |    335 |   1 |  440.0 |
       Volcano |    495 |    495 |      0 |      0 |      0 |   1 |  495.0 |
      Gauntlet |    778 |    778 |      0 |     37 |      0 |   1 |  778.0 |
               +--------+--------+--------+--------+--------+-----+--------+

Top non-repeatable levels by time:
  Lair:4: 3586 daAuts
  Lair:6: 2781 daAuts
     D:9: 2621 daAuts
     D:5: 2610 daAuts
     D:6: 2458 daAuts
     D:8: 2431 daAuts
  Lair:3: 2331 daAuts
     D:1: 2284 daAuts
    D:10: 2217 daAuts
  Lair:2: 2206 daAuts
  Lair:5: 2001 daAuts
    D:11: 1994 daAuts
    D:14: 1980 daAuts
    D:13: 1838 daAuts
     D:2: 1678 daAuts
